3L
BUFFALO WHITE WALKERS @ MONTANA PANDAS
06/13/2036
 
TOP OF THE 1ST
Buffalo White Walkers batting - Pitching for Montana Pandas : RHP Rizaldo Manansala
Pitching: RHP Rizaldo Manansala
Batting: RHB Panas Pletnev 0-0: Ball
1-0: Ball
2-0: Foul Ball, location: 2F
2-1: Foul Ball, location: 2F
2-2: Foul Ball, location: 2F
2-2: Ball
3-2: Base on Balls
Batting: LHB Jesús Lazcano 0-0: Called Strike
0-1: Ball
1-1: Fly out, F9 (Line Drive, 9, EV 106.9 MPH)
Batting: SHB Je-myung Yu 0-0: Ball
1-0: Foul Ball, location: 2F
1-1: Foul Ball, location: 2F
1-2: Ball
2-2: Foul Ball, location: 2F
2-2: SINGLE (Line Drive, 78S, EV 93.1 MPH)
Panas Pletnev to second
Batting: SHB Max Bortenschlager 0-0: Foul Ball, location: 2F
0-1: Ball
1-1: Called Strike
1-2: Ball
2-2: Foul Ball, location: 2F
2-2: Strikes out swinging
Batting: LHB Gilberto Ocasio 0-0: Ball
1-0: Called Strike
1-1: Foul Ball, location: 2F
1-2: Foul Ball, location: 2F
1-2: Foul Ball, location: 2F
1-2: Strikes out swinging
Top of the 1st over - 0 runs, 1 hit, 0 errors, 2 left on base; Buffalo 0 - Montana 0
BOTTOM OF THE 1ST
Montana Pandas batting - Pitching for Buffalo White Walkers : RHP Damien Hayward
Pitching: RHP Damien Hayward
Batting: RHB Luis Ríos 0-0: Ball
1-0: Called Strike
1-1: Foul Ball, location: 2F
1-2: Foul Ball, location: 2F
1-2: Ball
2-2: Fly out, F8 (Flyball, 8RD, EV 108.8 MPH)
Batting: LHB Mysterious Walker 0-0: Ball
1-0: Swinging Strike
1-1: Called Strike
1-2: Foul Ball, location: 2F
1-2: Ball
2-2: DOUBLE (Line Drive, 89M, EV 103.1 MPH)
Batting: LHB Shojiro Ueda 0-0: Ground out 1-3 (Groundball, P, EV 66.9 MPH)
Mysterious Walker to third
Batting: RHB Tomás Martínez 0-0: Called Strike
0-1: Ball
1-1: Swinging Strike
1-2: Foul Ball, location: 2F
1-2: Foul Ball, location: 2F
1-2: Strikes out swinging
Bottom of the 1st over - 0 runs, 1 hit, 0 errors, 1 left on base; Buffalo 0 - Montana 0
TOP OF THE 2ND
Buffalo White Walkers batting - Pitching for Montana Pandas : RHP Rizaldo Manansala
Pitching: LHP Mike Foltynewicz
Batting: LHB Dread Roberts 0-0: SINGLE (Flyball, 9LS, EV 90.6 MPH)
Batting: LHB Jin-yong Myung 0-0: Grounds into double play, 4-6-3 (Groundball, 34, EV 88.8 MPH)
Batting: LHB Robby Young 0-0: SINGLE (Groundball, 4MD, EV 107.5 MPH)
Batting: LHB Peter Metellus 0-0: Ball
1-0: Foul Ball, location: 2F
1-1: Foul Ball, location: 2F
1-2: Ball
2-2: Ball
3-2: Base on Balls
Robby Young to second
Batting: RHB Panas Pletnev 0-0: SINGLE (Line Drive, 56, EV 108.1 MPH)
Robby Young to third
Peter Metellus to second
Batting: LHB Jesús Lazcano 0-0: Foul Ball, location: 2F
0-1: Ground out 2-3 (Groundball, 2L, EV 62.5 MPH)
Top of the 2nd over - 0 runs, 3 hits, 0 errors, 3 left on base; Buffalo 0 - Montana 0
BOTTOM OF THE 2ND
Montana Pandas batting - Pitching for Buffalo White Walkers : RHP Damien Hayward
Batting: RHB Lane McCool 0-0: Foul Ball, location: 2F
0-1: Ball
1-1: Ball
2-1: Swinging Strike
2-2: Ball
3-2: Strikes out looking
Batting: RHB Cody Jaeckel 0-0: Swinging Strike
0-1: Foul Ball, location: 2F
0-2: Strikes out swinging
Batting: RHB Blythe Plumpley 0-0: Ball
1-0: Ball
2-0: Called Strike
2-1: Ball
3-1: SOLO HOME RUN (Flyball, 7D, EV 111.9 MPH), Distance : 366 ft
Batting: RHB Alejandro Herrera 0-0: Ball
1-0: Ball
2-0: Foul Ball, location: 2F
2-1: SINGLE (Groundball, 56D, EV 96.9 MPH)
Batting: RHB Pau Arria 0-0: Ball
1-0: Ball
2-0: Ball
Wild Pitch!
Alejandro Herrera to second
3-0: Called Strike
3-1: Fly out, F7 (Line Drive, 7, EV 97.5 MPH)
Bottom of the 2nd over - 1 run, 2 hits, 0 errors, 1 left on base; Buffalo 0 - Montana 1
TOP OF THE 3RD
Buffalo White Walkers batting - Pitching for Montana Pandas : LHP Mike Foltynewicz
Batting: SHB Je-myung Yu 0-0: Ball
1-0: Foul Ball, location: 2F
1-1: Called Strike
1-2: Fly out, F8 (Line Drive, 8LM, EV 84.4 MPH)
Batting: SHB Max Bortenschlager 0-0: Called Strike
0-1: Ball
1-1: Foul Ball, location: 2F
1-2: Fly out, F2 (Popup, 25F, EV 83.8 MPH)
Batting: LHB Gilberto Ocasio 0-0: Ball
1-0: Called Strike
1-1: Ball
2-1: Ball
3-1: Called Strike
3-2: Foul Ball, location: 2F
3-2: DOUBLE (Line Drive, 78D, EV 107.5 MPH)
Batting: LHB Dread Roberts 0-0: Ball
1-0: Called Strike
1-1: Ground out 4-3 (Groundball, 4, EV 88.1 MPH)
Top of the 3rd over - 0 runs, 1 hit, 0 errors, 1 left on base; Buffalo 0 - Montana 1
BOTTOM OF THE 3RD
Montana Pandas batting - Pitching for Buffalo White Walkers : RHP Damien Hayward
Batting: RHB Luis Ríos 0-0: Called Strike
0-1: Ground out 4-3 (Groundball, 4M, EV 81.2 MPH)
Batting: LHB Mysterious Walker 0-0: Ball
1-0: Swinging Strike
1-1: Foul Ball, location: 2F
1-2: Ground out 1-3 (Groundball, P, EV 88.8 MPH)
Batting: LHB Shojiro Ueda 0-0: Ball
1-0: Ground out 6-3 (Groundball, 6M, EV 85.6 MPH)
Bottom of the 3rd over - 0 runs, 0 hits, 0 errors, 0 left on base; Buffalo 0 - Montana 1
TOP OF THE 4TH
Buffalo White Walkers batting - Pitching for Montana Pandas : LHP Mike Foltynewicz
Batting: LHB Jin-yong Myung 0-0: Ball
1-0: SOLO HOME RUN (Flyball, 9D, EV 93.8 MPH), Distance : 342 ft
Batting: LHB Robby Young 0-0: Called Strike
0-1: Swinging Strike
0-2: Ball
1-2: Foul Ball, location: 2F
1-2: Strikes out swinging
Batting: LHB Peter Metellus 0-0: SINGLE (Line Drive, 7S, EV 94.4 MPH)
Batting: RHB Panas Pletnev 0-0: Ball
1-0: Fielders Choice at 2nd, 3-6 (Groundball, 3, EV 85.0 MPH)
Pitching: RHP Jim Sison
Batting: LHB Jesús Lazcano 0-0: Called Strike
Panas Pletnev is caught stealing 2nd base 2-6
Top of the 4th over - 1 run, 2 hits, 0 errors, 0 left on base; Buffalo 1 - Montana 1
BOTTOM OF THE 4TH
Montana Pandas batting - Pitching for Buffalo White Walkers : RHP Damien Hayward
Batting: RHB Tomás Martínez 0-0: Called Strike
0-1: Called Strike
0-2: Foul Ball, location: 2F
0-2: Ball
1-2: Ball
2-2: Strikes out swinging
Batting: RHB Lane McCool 0-0: Called Strike
0-1: Ground out 5-3 (Groundball, 5S, EV 86.9 MPH)
Batting: RHB Cody Jaeckel 0-0: Ball
1-0: Ball
2-0: DOUBLE (Flyball, 89D, EV 101.9 MPH)
Batting: RHB Blythe Plumpley 0-0: Called Strike
0-1: Swinging Strike
0-2: Hit by Pitch
Batting: RHB Alejandro Herrera 0-0: Swinging Strike
0-1: Called Strike
0-2: Ball
1-2: Ball
2-2: 3-RUN HOME RUN (Line Drive, 7D, EV 98.8 MPH), Distance : 361 ft
Batting: RHB Pau Arria 0-0: Ball
1-0: Called Strike
1-1: Ball
2-1: Ground out 4-3 (Groundball, 4, EV 88.1 MPH)
Bottom of the 4th over - 3 runs, 2 hits, 0 errors, 0 left on base; Buffalo 1 - Montana 4
TOP OF THE 5TH
Buffalo White Walkers batting - Pitching for Montana Pandas : RHP Jim Sison
Batting: LHB Jesús Lazcano 0-0: Called Strike
0-1: Swinging Strike
0-2: Strikes out looking
Batting: SHB Je-myung Yu 0-0: Ball
1-0: Foul Ball, location: 2F
1-1: Ball
2-1: SINGLE (Groundball, 4MD, EV 95.0 MPH)
Batting: SHB Max Bortenschlager 0-0: Ball
1-0: Swinging Strike
1-1: Foul Ball, location: 2F
1-2: Strikes out swinging
Batting: LHB Gilberto Ocasio 0-0: Called Strike
0-1: Ball
1-1: Ball
2-1: Called Strike
2-2: Strikes out swinging
Top of the 5th over - 0 runs, 1 hit, 0 errors, 1 left on base; Buffalo 1 - Montana 4
BOTTOM OF THE 5TH
Montana Pandas batting - Pitching for Buffalo White Walkers : RHP Damien Hayward
Batting: RHB Luis Ríos 0-0: Ball
1-0: Ball
2-0: Ball
3-0: Called Strike
3-1: Called Strike
3-2: DOUBLE (Groundball, 3L, EV 95.6 MPH)
Batting: LHB Mysterious Walker 0-0: Foul Ball, location: 2F
0-1: Ball
1-1: Ball
2-1: SINGLE (Groundball, 34D, EV 95.6 MPH)
Luis Ríos to third
Runner from 3rd tries for Home, SAFE, no throw by RF
Pitching: RHP Enrique Valle
Batting: LHB Shojiro Ueda 0-0: Ball
1-0: Called Strike
1-1: Fielders Choice at 2nd, 1-6 (Groundball, 34S, EV 88.1 MPH)
Batting: RHB Tomás Martínez 0-0: DOUBLE (Line Drive, 78D, EV 99.4 MPH)
Shojiro Ueda to third
Pinch Runner at 2nd Yun Yen:
Batting: RHB Lane McCool 0-0: Called Strike
0-1: Swinging Strike
0-2: Foul Ball, location: 2F
0-2: Ball
1-2: Strikes out looking
Batting: RHB Cody Jaeckel 0-0: Swinging Strike
0-1: Ball
1-1: Fly out, F8 (Line Drive, 8LD, EV 93.1 MPH)
Bottom of the 5th over - 1 run, 3 hits, 0 errors, 2 left on base; Buffalo 1 - Montana 5
TOP OF THE 6TH
Buffalo White Walkers batting - Pitching for Montana Pandas : RHP Jim Sison
Batting: LHB Dread Roberts 0-0: Ball
1-0: Fly out, F6 (Popup, 4M, EV 59.4 MPH)
Pitching: RHP César Manoel
Batting: LHB Jin-yong Myung 0-0: Foul Ball, location: 2F
0-1: Fly out, F8 (Flyball, 8RS, EV 66.9 MPH)
Batting: LHB Robby Young 0-0: Called Strike
0-1: Ball
1-1: Foul Ball, location: 2F
1-2: Foul Ball, location: 2F
1-2: Foul Ball, location: 2F
1-2: Strikes out looking
Top of the 6th over - 0 runs, 0 hits, 0 errors, 0 left on base; Buffalo 1 - Montana 5
BOTTOM OF THE 6TH
Montana Pandas batting - Pitching for Buffalo White Walkers : RHP Enrique Valle
Batting: RHB Blythe Plumpley 0-0: Ball
1-0: Foul Ball, location: 2F
1-1: Foul Ball, location: 2F
1-2: Ball
2-2: Foul Ball, location: 2F
2-2: Foul Ball, location: 2F
2-2: SOLO HOME RUN (Flyball, 7D, EV 86.9 MPH) (Inside the Park)
Batting: RHB Alejandro Herrera 0-0: Foul Ball, location: 2F
0-1: Foul Ball, location: 2F
0-2: Ball
1-2: Foul Ball, location: 2F
1-2: Strikes out swinging
Batting: RHB Pau Arria 0-0: Foul Ball, location: 2F
0-1: Swinging Strike
0-2: Fly out, F9 (Flyball, 89S, EV 94.4 MPH)
Batting: RHB Luis Ríos 0-0: Called Strike
0-1: Called Strike
0-2: Foul Ball, location: 2F
0-2: Ball
1-2: Foul Ball, location: 2F
1-2: Ball
2-2: Strikes out looking
Bottom of the 6th over - 1 run, 1 hit, 0 errors, 0 left on base; Buffalo 1 - Montana 6
TOP OF THE 7TH
Buffalo White Walkers batting - Pitching for Montana Pandas : RHP César Manoel
Batting: LHB Peter Metellus 0-0: Called Strike
0-1: Ball
1-1: SINGLE (Groundball, 56D, EV 96.9 MPH)
Batting: RHB Panas Pletnev 0-0: Called Strike
0-1: SINGLE (Groundball, 4MD, EV 99.4 MPH)
Peter Metellus to second
Batting: LHB Jesús Lazcano 0-0: SINGLE (Line Drive, 56D, EV 103.1 MPH)
Peter Metellus to third
Panas Pletnev to second
Batting: SHB Je-myung Yu 0-0: Fly out, F2 (Popup, 23F, EV 86.9 MPH)
Batting: SHB Max Bortenschlager 0-0: Called Strike
0-1: Ground out 5-3 (Groundball, 56S, EV 73.1 MPH)
Peter Metellus scores
Panas Pletnev to third
Jesús Lazcano to second
Batting: LHB Gilberto Ocasio 0-0: Called Strike
0-1: Ground out U3 (Groundball, 3, EV 104.4 MPH)
Top of the 7th over - 1 run, 3 hits, 0 errors, 2 left on base; Buffalo 2 - Montana 6
BOTTOM OF THE 7TH
Montana Pandas batting - Pitching for Buffalo White Walkers : RHP Enrique Valle
Batting: LHB Mysterious Walker 0-0: Called Strike
0-1: Ball
1-1: Foul Ball, location: 2F
1-2: Ball
2-2: Foul Ball, location: 2F
2-2: Ball
3-2: Fly out, F8 (Flyball, 8RD, EV 93.8 MPH)
Batting: LHB Shojiro Ueda 0-0: Ball
1-0: Swinging Strike
1-1: Swinging Strike
1-2: Ball
2-2: Ground out 6-3 (Groundball, 6, EV 81.2 MPH)
Batting: LHB Yun Yen 0-0: Ball
1-0: Ball
2-0: Ground out 1-3 (Groundball, 13, EV 83.8 MPH)
Bottom of the 7th over - 0 runs, 0 hits, 0 errors, 0 left on base; Buffalo 2 - Montana 6
TOP OF THE 8TH
Buffalo White Walkers batting - Pitching for Montana Pandas : RHP César Manoel
Batting: LHB Dread Roberts 0-0: Ball
1-0: Called Strike
1-1: Swinging Strike
1-2: Strikes out looking
Batting: LHB Jin-yong Myung 0-0: Ball
1-0: Ball
2-0: Called Strike
2-1: Called Strike
2-2: Ball
3-2: Ground out 4-3 (Groundball, 34D, EV 83.1 MPH)
Batting: LHB Robby Young 0-0: Called Strike
0-1: SINGLE (Groundball, 4D, EV 102.5 MPH)
Batting: LHB Peter Metellus 0-0: Fly out, F9 (Line Drive, 9, EV 94.4 MPH)
Top of the 8th over - 0 runs, 1 hit, 0 errors, 1 left on base; Buffalo 2 - Montana 6
BOTTOM OF THE 8TH
Montana Pandas batting - Pitching for Buffalo White Walkers : RHP Enrique Valle
Batting: RHB Lane McCool 0-0: Called Strike
0-1: Ball
1-1: Fly out, F8 (Flyball, 89M, EV 90.6 MPH)
Batting: RHB Cody Jaeckel 0-0: Called Strike
0-1: Swinging Strike
0-2: Ball
1-2: Ball
2-2: Foul Ball, location: 2F
2-2: Foul Ball, location: 2F
2-2: Ball
3-2: Strikes out swinging
Batting: RHB Blythe Plumpley 0-0: Called Strike
0-1: Ball
1-1: Ball
2-1: Ball
3-1: Foul Ball, location: 2F
3-2: Foul Ball, location: 2F
3-2: DOUBLE (Flyball, 8RXD, EV 85.6 MPH)
Pitching: LHP Suezo Amano
Batting: RHB Alejandro Herrera 0-0: Ball
1-0: Ball
2-0: Foul Ball, location: 2F
2-1: Ground out 4-3 (Groundball, 4, EV 86.9 MPH)
Bottom of the 8th over - 0 runs, 1 hit, 0 errors, 1 left on base; Buffalo 2 - Montana 6
TOP OF THE 9TH
Buffalo White Walkers batting - Pitching for Montana Pandas : RHP César Manoel
Batting: RHB Panas Pletnev 0-0: Called Strike
0-1: Swinging Strike
0-2: Fly out, F5 (Line Drive, 5, EV 71.2 MPH)
Pitching: RHP Salvador López
Batting: LHB Jesús Lazcano 0-0: Ball
1-0: Ball
2-0: SINGLE (Groundball, 34D, EV 95.0 MPH)
Batting: SHB Je-myung Yu 0-0: Ball
1-0: SINGLE (Flyball, 9LS, EV 91.9 MPH)
Jesús Lazcano to second
Batting: SHB Max Bortenschlager 0-0: Called Strike
0-1: Called Strike
0-2: Ball
1-2: Foul Ball, location: 2F
1-2: Strikes out swinging
Batting: LHB Gilberto Ocasio 0-0: Ball
1-0: Swinging Strike
1-1: Foul Ball, location: 2F
1-2: Strikes out looking
Top of the 9th over - 0 runs, 2 hits, 0 errors, 2 left on base; Buffalo 2 - Montana 6
Wednesday, October 16th, 2019 - OOTP Baseball 20.6 Build 55